 Dungeon Crawl Stone Soup version 0.29.1-13-g9f3cf754e1 (webtiles) character file.

Game seed: 9766822632162990758

2296 mopl the Covert (level 9, -7/54 HPs)
             Began as an Octopode Brigand on Jan 19, 2023.
             Was an Initiate of Dithmenos.
             Mangled by a gnoll sergeant
             ... wielding a +2 vorpal spear
              (15 damage)
             ... on level 9 of the Dungeon.
             The game lasted 00:09:24 (8692 turns).

mopl the Covert (Octopode Brigand)                  Turns: 8692, Time: 00:09:24

Health: -7/54      AC:  1    Str: 11    XL:     9   Next: 40%
Magic:  0/12       EV: 12    Int: 17    God:    Dithmenos [......]
Gold:   539        SH:  0    Dex: 13    Spells: 10/12 levels left

rFire   . . .      SeeInvis +   b - +2 short sword (freeze)
rCold   . . .      Faith    .   (no shield)
rNeg    . . .      Spirit   +   (helmet restricted)
rPois   +          Reflect  .   E - amulet of guardian spirit
rElec   .          Harm     .   l - ring of willpower
rCorr   .          Rampage  .   C - ring of poison resistance
Will    +....                   I - ring of see invisible
Stlth   +++++.....              (no ring)
HPRegen 0.18/turn               (no ring)
MPRegen 0.13/turn               (no ring)
                                (no ring)
                                (no ring)

@: no status effects
A: almost no armour, amphibious, 8 rings, camouflage 1, gelatinous body 1,
(nimble swimmer 1), tentacles
a: Renounce Religion


You were on level 9 of the Dungeon.
You worshipped Dithmenos.
Dithmenos was noncommittal.
You visited 2 branches of the dungeon, and saw 11 of its levels.

You collected 539 gold pieces.

Inventory:

Hand Weapons
 a - a +2 dagger
 b - a +2 short sword of freezing (weapon)
 w - a +2 mace of venom
Missiles
 c - 3 curare-tipped darts
 j - 19 poisoned darts (quivered)
 k - 6 boomerangs
Magical Staves
 G - a staff of earth
Jewellery
 l - a ring of willpower (left tentacle)
 C - a ring of poison resistance (right tentacle)
 E - an amulet of guardian spirit (around mantle)
 I - a ring of see invisible (on tentacle)
Wands
 h - a wand of polymorph (4)
 u - a wand of iceblast (6)
 D - a wand of light (8)
 F - a wand of mindburst (8)
Scrolls
 d - 2 scrolls of enchant weapon {unknown}
 m - a scroll of amnesia {unknown}
 o - 2 scrolls of butterflies {unknown}
 p - 3 scrolls of vulnerability {unknown}
 q - a scroll of noise {unknown}
 r - 3 scrolls of magic mapping {unknown}
 y - 2 scrolls of teleportation {unknown}
 z - a scroll of silence {unknown}
 A - 2 scrolls of poison {unknown}
 H - a scroll of brand weapon {unknown}
Potions
 e - a potion of resistance
 f - 5 potions of curing {unknown}
 g - 2 potions of flight {unknown}
 i - a potion of cancellation
 n - a potion of brilliance
 s - 3 potions of berserk rage {!q}
 t - a potion of ambrosia
 v - 2 potions of invisibility
 x - 2 potions of mutation {unknown}
 B - a potion of magic
 J - a potion of attraction {unknown}
 K - a potion of heal wounds {unknown}
 L - 2 potions of might {unknown}


   Skills:
 - Level 2.0 Fighting
 + Level 5.8 Short Blades
 + Level 5.8 Throwing
 - Level 1.0 Dodging
 + Level 9.6 Stealth
 - Level 2.0 Spellcasting
 - Level 4.0 Transmutations
 - Level 4.0 Earth Magic
 + Level 2.6 Invocations
 + Level 2.7 Evocations


You had 10 spell levels left.
You knew the following spells:

 Your Spells              Type           Power      Damage    Failure   Level
p - Passwall              Tmut/Erth      12%        N/A       5%          2

Your spell library contained the following spells:

 Spells                   Type           Power      Damage    Failure   Level
 Sandblast                Erth           30%        2d9       3%          1
 Stone Arrow              Conj/Erth      16%        3d8       26%         3


Dungeon Overview and Level Annotations

Branches:
Dungeon (10/15)            Temple (1/1) D:6
   Lair: D:8-11         Orc: D:9-12

Altars:
Dithmenos
Elyvilon
Fedhas
Gozag
Hepliaklqana
Kikubaaqudgha
Makhleb
Nemelex Xobeh
Okawaru
Ru
Sif Muna
Trog
Uskayaw
Vehumet
Wu Jian
Xom
Yredelemnul
Zin

Shops:
D:6 [

Annotations:
D:4 2 transporters, mopl's ghost, novice FoVM
D:5 2 runed translucent doors, 0o0o's ghost, amateur TrBe
D:7 3 runed translucent doors, Colokkon's ghost, amateur OpBr


Innate Abilities, Weirdness & Mutations

You cannot wear most types of armour.
You are amphibious.
You can wear up to eight rings at the same time.
Your skin changes colour to match your surroundings (Stealth+).
Your rubbery body absorbs attacks. (AC +1, EV +1)
((You are camouflaged when in or above water. (Stealth+)))
You have tentacles for arms and can constrict up to eight enemies at once.


Message History

The gnoll hits you with a +2 flail of protection!
You hit the gnoll but do no damage. You squeeze the gnoll.
You kill the gnoll!
Dithmenos accepts your kill.
No target in view!
Things that are here:
a +2 flail of protection; a gnoll corpse You start resting.
Magic restored.
You start resting.
HP restored.
There is a stone staircase leading up, spattered with blood here.
You climb upwards.
The gnoll sergeant hits you from afar with a +2 vorpal spear!
There is a stone staircase leading down, spattered with blood here.
The gnoll sergeant hits you with a +2 vorpal spear.
You completely miss the gnoll sergeant. You grab the gnoll sergeant.
You constrict the gnoll sergeant, but do no damage.
The gnoll sergeant closely misses you.
You hit the gnoll sergeant but do no damage.
You constrict the gnoll sergeant.
The gnoll sergeant hits you with a +2 vorpal spear!
You hit the gnoll sergeant but do no damage.
You squeeze the gnoll sergeant.
The gnoll sergeant is lightly wounded.
You constrict the gnoll sergeant, but do no damage.
The gnoll sergeant hits you with a +2 vorpal spear!
You are too injured to fight recklessly!
You hit the gnoll sergeant. You freeze the gnoll sergeant.
The gnoll sergeant is lightly wounded.
You constrict the gnoll sergeant, but do no damage.
The gnoll sergeant hits you with a +2 vorpal spear!
* * * LOW HITPOINT WARNING * * *
x2
Aiming: Mindburst
Press: ? - help, Shift-Dir - straight line, f - gnoll sergeant
Aim: a gnoll sergeant, wielding a +2 vorpal spear and wearing a +0 scale mail (lightly wounded, constricted by you, chance to affect: 75%)
The gnoll sergeant's mind is blasted!
You constrict the gnoll sergeant, but do no damage.
The gnoll sergeant hits you with a +2 vorpal spear!
You die...

#.#. #.#.## ##
.....#..
#.....##
####.....#
.........#
#####..g#.##.#
.......@.....#
##.....>#..###
#.#.......#
#.......#
....#..#.#
#.##......#
... ........
## #########.
.#


You could see a gnoll sergeant.

Vanquished Creatures
  Maggie (D:6)
  3 yaks (D:6)
  A steam dragon (D:7)
  A water moccasin (D:10)
  An acid dragon (D:6)
  An ice beast (D:7)
  A phantom (D:4)
  2 bullfrogs
  A necrophage (D:6)
  2 scorpions
  4 killer bees (D:5)
  A centaur zombie (D:7)
  A bullfrog zombie (D:7)
  6 hounds
  3 iguanas
  3 orc wizards
  Ijyb (D:4)
  4 gnolls
  5 adders
  A white imp (D:7)
  15 orcs
  7 endoplasms
  2 giant cockroaches
  6 goblins
  8 hobgoblins
  2 jackals (D:1)
  13 kobolds
  7 quokkas
  7 ball pythons
  A bat (D:3)
  6 frilled lizards
  5 rats
122 creatures vanquished.

Vanquished Creatures (others)
  6 plants (D:3)
6 creatures vanquished.

Grand Total: 128 creatures vanquished

Notes
Turn   | Place    | Note
-------+----------+-------------------------------------------
     0 | D:1      | mopl the Octopode Brigand began the quest for the Orb.
     0 | D:1      | Reached XP level 1. HP: 14/14 MP: 1/1
   486 | D:1      | Reached XP level 2. HP: 16/19 MP: 2/2
  1037 | D:2      | Reached XP level 3. HP: 8/24 MP: 3/3
  1693 | D:2      | Reached skill level 6 in Stealth
  2135 | D:3      | Reached XP level 4. HP: 24/29 MP: 4/4
  2322 | D:3      | Learned a level 2 spell: Passwall
  2377 | D:3      | Reached skill level 3 in Short Blades
  2377 | D:3      | Reached skill level 3 in Throwing
  2678 | D:3      | Reached XP level 5. HP: 22/34 MP: 5/5
  3002 | D:4      | Noticed Ijyb
  3010 | D:4      | Killed Ijyb
  3011 | D:4      | Reached skill level 1 in Transmutations
  3273 | D:4      | Reached skill level 1 in Earth Magic
  3528 | D:4      | Found a transporter.
  3531 | D:4      | Noticed a phantom
  3551 | D:4      | Killed a phantom
  3552 | D:4      | Reached skill level 1 in Spellcasting
  3552 | D:4      | Reached XP level 6. HP: 10/39 MP: 7/7
  3785 | D:4      | Found an ornate altar of the Wu Jian Council.
  4095 | D:4      | Found a transporter.
  4146 | D:4      | Reached skill level 7 in Stealth
  4202 | D:4      | Noticed mopl's ghost (novice FoVM)
  4305 | D:5      | Entered Level 5 of the Dungeon
  4321 | D:5      | Found a shimmering altar of Xom.
  4399 | D:5      | Found a large runed translucent door.
  4399 | D:5      | Found a large runed translucent door.
  4402 | D:5      | Noticed 0o0o's ghost (amateur TrBe)
  4469 | D:5      | Reached skill level 2 in Transmutations
  4670 | D:5      | Reached skill level 2 in Earth Magic
  4670 | D:5      | Reached XP level 7. HP: 34/45 MP: 9/9
  4885 | D:5      | Reached skill level 2 in Spellcasting
  4936 | D:5      | Reached skill level 4 in Short Blades
  4997 | D:5      | Reached skill level 4 in Throwing
  5875 | D:6      | Found Poampeir's Antique Armour Boutique.
  5940 | D:6      | Noticed Maggie
  5953 | D:6      | Killed Maggie
  5954 | D:6      | Reached skill level 8 in Stealth
  5954 | D:6      | Reached skill level 3 in Transmutations
  5954 | D:6      | Reached skill level 3 in Earth Magic
  5954 | D:6      | Reached XP level 8. HP: 3/50 MP: 1/11
  6437 | D:6      | Noticed a yak
  6437 | D:6      | Noticed a yak
  6438 | D:6      | Noticed a yak
  6475 | D:6      | Killed a yak
  6476 | D:6      | Reached skill level 5 in Short Blades
  6476 | D:6      | Reached skill level 5 in Throwing
  6478 | D:6      | Killed a yak
  6479 | D:6      | Reached skill level 4 in Transmutations
  6496 | D:6      | Found a staircase to the Ecumenical Temple.
  6511 | Temple   | Entered the Ecumenical Temple
  6581 | Temple   | Became a worshipper of Dithmenos the Shadowed
  6641 | D:6      | Reached skill level 4 in Earth Magic
  6683 | D:6      | Killed a yak
  6684 | D:6      | Reached skill level 9 in Stealth
  6684 | D:6      | Reached skill level 1 in Invocations
  6684 | D:6      | Reached skill level 1 in Evocations
  6684 | D:6      | Reached XP level 9. HP: 35/54 MP: 7/12
  6841 | D:6      | Reached skill level 2 in Evocations
  7544 | D:7      | Found a runed translucent gate.
  7544 | D:7      | Found a runed translucent gate.
  7544 | D:7      | Found a runed translucent gate.
  7544 | D:7      | Noticed Colokkon's ghost (amateur OpBr)
  7546 | D:7      | Found a basalt altar of Yredelemnul.
  7557 | D:7      | Reached skill level 2 in Invocations
  8057 | D:8      | You fall into a shaft and drop 2 floors!
  8057 | D:10     | Entered Level 10 of the Dungeon
  8102 | D:10     | Noticed a cyclops
  8692 | D:9      | Mangled by a gnoll sergeant

Illustrated notes

Levels and vault maps discovered:
D:1:      dpeg_arrival_houses_and_road, layout_rooms
D:2:      layout_loops_corners, nrook_uturn, dreamdust_wishing_well,
          minmay_pentomino_v4
D:3:      wad_woods_pond, layout_basic
D:4:      minmay_spotlight, layout_loops_ring, nicolae_wu_jian_wuxing_cycle,
          gammafunk_ghost_stat_death, grunt_decor_one_mirror, eino_curves_04,
          uniq_ijyb
D:5:      layout_basic, mainiacjoe_overflow_24_doors,
          ebering_ghost_disaster_area, chequers_serial_rivers_micro_a
D:6:      layout_rooms, minmay_temple_entry_drinking_statues, serial_shops,
          nicolae_shop_behind_doors, minmay_crystal_water, uniq_maggie
D:7:      layout_loops_ring, nicolae_yredelemnul_ghost_church
D:8:      layout_cave_pods, grunt_qazlal_clouds, kennysheep_generic_room_2
D:9:      layout_basic, lair_entry_dummy, hiddenorc2_lemuel
D:10:     layout_stronghold, mainiacjoe_overflow_catch_the_wave,
          introduction_to_nature_2, uniq_lodul
Temple:   kb_temple_of_zot

Skill      XL: |  1  2  3  4  5  6  7  8  9 |
---------------+----------------------------+-----
Stealth        | 6 7 8 9 |  9.6
Short Blades   | 3 4 5 |  5.8
Throwing       | 3 4 5 |  5.8
Transmutations | 1 2 3 4 |  4.0
Earth Magic    | 1 2 3 4 |  4.0
Spellcasting   | 1 2 |  2.0
Invocations    | 1 2 |  2.6
Evocations     | 1 2 |  2.7
Fighting       | |  2.0
Dodging        | |  1.0

Action                   |  1- 3 |  4- 6 |  7- 9 || total
-------------------------+-------+-------+-------++-------
Melee: Dagger            |    75 |       |     2 ||    77
       Constrict         |    13 |    19 |    14 ||    46
       Tentacles         |    13 |    22 |    38 ||    73
       Short sword       |     6 |   100 |   115 ||   221
       Unarmed           |     3 |       |       ||     3
       Punch             |     1 |       |     3 ||     4
Throw: Dart              |       |       |    19 ||    19
Evoke: Wand              |       |       |     6 ||     6
  Use: Potion            |     2 |       |       ||     2
       Scroll            |       |     5 |     2 ||     7
 Stab: Sleeping          |    16 |    13 |    10 ||    39
       Distracted        |       |       |     1 ||     1
Armor: Skin              |     6 |     3 |     4 ||    13
Dodge: Dodged            |    28 |    39 |    45 ||   112
